 Dungeon Crawl Stone Soup version 0.22-a0-299-g43f9854 (webtiles) character file.

320810 RoseArtemis the Hoplite (level 20, -1/178 HPs)
             Began as a Minotaur Fighter on Mar 25, 2018.
             Was the Champion of Okawaru.
             Killed from afar by a starcursed mass (5 damage)
             ... with an accursed screaming
             ... on level 4 of the Abyss.
             The game lasted 02:25:31 (38056 turns).

RoseArtemis the Hoplite (Minotaur Fighter)         Turns: 38056, Time: 02:25:32

Health: -1/178     AC: 27    Str: 39    XL:     20   Next: 63%
Magic:  25/26      EV: 20    Int: 10    God:    Okawaru [******]
Gold:   3296       SH: 28    Dex: 18    Spells: 19/19 levels left

rFire    + + .     SeeInvis .   U - +9 demon blade (venom)
rCold    + + .     Gourm    .   l - +0 large shield
rNeg     . . .     Faith    .   T - +2 crystal plate armour {rC+}
rPois    +         Spirit   .   L - +1 hat {MR+}
rElec    .         Reflect  .   V - +2 cloak
rCorr    +         Harm     .   v - +2 pair of gloves of Gafres {rC+ Str+3 Int+6}
MR       +++..                  q - +2 pair of boots "Olyv" {MR+ Str+6}
Stlth    ..........             N - amulet of regeneration
HPRegen  0.79/turn              Y - ring of poison resistance
MPRegen  0.20/turn              b - ring "Zayffatt" {rCorr rF++ Str+7 Dex+4}

@: no status effects
A: retaliatory headbutt, horns 2, blurry vision 1, [clumsy 1], deformed body,
[deterioration 2], dopey 1, frail 1, [no potion heal 2]
}: 2/15 runes: decaying, serpentine
a: Heroism, Finesse, Renounce Religion


You were on level 4 of the Abyss.
You worshipped Okawaru.
Okawaru was exalted by your worship.
You were not hungry.

You visited 7 branches of the dungeon, and saw 34 of its levels.
You visited the Abyss 1 time.
You also visited: Ice Cave.

You collected 4362 gold pieces.
You spent 1066 gold pieces at shops.

Inventory:

Hand Weapons
 r - the +11 scimitar "Tidic" {freeze, rF+ Str+4 Stlth+}
   (You found it in an ice cave)

   It has been specially enchanted to freeze those struck by it, causing extra
   injury to most foes and up to half again as much damage against particularly
   susceptible opponents.
   It can also slow down cold-blooded creatures.
   It affects your strength (+4).
   It protects you from fire.
   It makes you more stealthy.
 U - a +9 demon blade of venom (weapon)
Armour
 l - a +0 large shield (worn)
 q - the +2 pair of boots "Olyv" (worn) {MR+ Str+6}
   (You acquired it on level 4 of the Lair of Beasts)

   It affects your strength (+6).
   It affects your resistance to hostile enchantments.
 v - the +2 pair of gloves of Gafres (worn) {rC+ Str+3 Int+6}
   (You found it on level 4 of the Snake Pit)

   It affects your strength (+3).
   It affects your intelligence (+6).
   It protects you from cold.
 L - a +1 hat of magic resistance (worn)
 T - a +2 crystal plate armour of cold resistance (worn)
 V - a +2 cloak (worn)
Jewellery
 b - the ring "Zayffatt" (right hand) {rCorr rF++ Str+7 Dex+4}
   (You acquired it on level 4 of the Lair of Beasts)

   [ring of resist corrosion]

   It affects your strength (+7).
   It affects your dexterity (+4).
   It greatly protects you from fire.
 c - an uncursed ring of protection from magic {unknown}
 m - an uncursed ring of see invisible {unknown}
 N - an amulet of regeneration (around neck)
 Y - a ring of poison resistance (left hand)
 Z - an uncursed ring of resist corrosion {unknown}
Wands
 h - a wand of flame (49)
 k - a wand of iceblast (15)
 n - a wand of polymorph (57)
 z - a wand of digging (21)
 A - a wand of paralysis (33)
 B - a wand of clouds (6)
 I - a wand of enslavement (21)
 K - a wand of disintegration (27)
Scrolls
 a - 4 scrolls of identify
 g - a scroll of silence {unknown}
 j - 6 scrolls of teleportation
 p - 10 scrolls of magic mapping
 t - 14 scrolls of remove curse
 w - 9 scrolls of fear
 x - 4 scrolls of amnesia
 y - a scroll of acquirement
 D - a scroll of enchant armour {unknown}
 E - 4 scrolls of enchant weapon
 F - a scroll of blinking
 Q - 3 scrolls of fog
 S - a scroll of summoning
 X - a scroll of brand weapon {unknown}
Potions
 d - 8 potions of might
 e - 2 potions of invisibility
 i - 8 potions of flight
 o - 12 potions of curing
 s - a potion of cancellation
 u - 5 potions of agility
 G - 2 potions of haste
 H - 2 potions of resistance
 J - 2 potions of ambrosia
 M - 5 potions of lignification {unknown}
 O - 2 potions of magic
 P - 3 potions of berserk rage
 R - 2 potions of brilliance
 W - 3 potions of mutation
Comestibles
 f - 65 rations


   Skills:
 - Level 21.1 Fighting
 - Level 16.0 Long Blades
 + Level 11.3 Armour
 + Level 20.4 Dodging
 * Level 22.8 Shields
 - Level 10.0 Invocations


You had 19 spell levels left.
You didn't know any spells.

Dungeon Overview and Level Annotations

Branches:
Dungeon (15/15)            Temple (1/1) D:5            Lair (6/6) D:11
  Swamp (4/4) Lair:4        Snake (4/4) Lair:4          Orc (2/2) D:10
    Elf (0/3) Orc:2        Vaults (2/5) D:13         Depths (0/5) D:15
  Slime: Lair:5-6     Crypt: Vaults:2-3

Altars:
Ashenzari
Cheibriados
Dithmenos
Elyvilon
Fedhas
Gozag
Hepliaklqana
Kikubaaqudgha
Makhleb
Nemelex Xobeh
Okawaru
Qazlal
Ru
Sif Muna
Trog
Uskayaw
Vehumet
Wu Jian
Xom
Yredelemnul
Zin
The Shining One

Shops:
D:6 *   Orc:2 =*[(   Snake:1 *   Snake:4 =}}=   Vaults:1 *

Annotations:
Lair:4 exclusion: oklob plant
Lair:5 exclusion: 2 oklob plants
Swamp:1 exclusion: Roxanne, Roxanne
Swamp:4 1 exclusion


Innate Abilities, Weirdness & Mutations

You reflexively headbutt those who attack you in melee.
You have a pair of horns on your head.
Scrolls take you a little longer to read.
Armour fits poorly on your strangely shaped body.
You are dopey. (Int -2)
You are frail. (-10% HP)
[You are clumsy. (Dex -2)]
[Your body often deteriorates upon taking damage.]
[Potions are poor at restoring your health.]


Message History

You carve the tentacled starspawn like a ham!!!
The tentacled starspawn is almost destroyed.
A chorus of shrieks assaults your mind.
* * * LOW HITPOINT WARNING * * *
You block the tentacled starspawn's attack. x2
You slash the tentacled starspawn!
The tentacled starspawn is almost destroyed.
The raiju looks more healthy.
You block the raiju's attack. The starcursed mass closely misses you.
Okay, then.
Okay, then.
Char dumped successfully.
Your system partially rejects the healing.
You feel much better.
You block the tentacled starspawn's attack.
The tentacled starspawn engulfs you!
* * * LOW HITPOINT WARNING * * *
You block the raiju's attack. You block the starcursed mass's attack.
A chorus of shrieks assaults your mind.
You die...

### #...#
.#X# #.#w#
.... #.#X##
.... .#
#.#@# . .
#..#
#hX#.....
#.# #X#X#.5
#. . .
#.h#5#. # .
..
##...#... #
#. . # ####
#..# . #.X
##.#.#.#...
#.
#.X#.##.##
. #. . .X.#
.#..#


You could see 4 starcursed masses, a tentacled starspawn, 2 raiju, a starspawn
tentacle and an ufetubus.

Vanquished Creatures
  Saint Roka (Vaults:2)
  3 bone dragons (Abyss:4)
  Rupert (D:14)
  A tentacled monstrosity (Abyss:4)
  A Hell Sentinel (Abyss:4)
  3 liches
  7 tentacled starspawn (Abyss:4)
  An Executioner (Abyss:4)
  Agnes (D:14)
  The ghost of Nuz the Warrior, an adept HOMo of Beogh (Swamp:4)
  3 thorn hunters
  17 nagarajas
  A revenant (Abyss:4)
  An orc warlord (Orc:2)
  A cacodemon (Abyss:3)
  Aizul (Snake:1)
  5 vault wardens (Vaults:1)
  4 ironheart preservers (Vaults:1)
  6 very ugly things (Abyss:4)
  29 starcursed masses
  A deep elf demonologist (Abyss:4)
  2 ophanim (Abyss:4)
  A dire elephant (Lair:6)
  The ghost of 4thArraOfDagon the Grappler, a journeyman DrIE of Yredelemnul (D:15)
  A deep elf death mage (Vaults:1)
  A blizzard demon (Abyss:4)
  2 green deaths (Abyss:4)
  A crystal guardian (Vaults:2)
  5 fire dragons
  The ghost of Gorice the Fencer, a journeyman MiGl of Zin (D:9)
  A great orb of eyes (Vaults:1)
  11 vault guards
  3 yaktaur captains
  2 rakshasas (Abyss:4)
  2 ghost crabs (Swamp:4)
  22 hydras
  An ice dragon (Lair:3)
  3 catoblepae
  30 naga warriors
  7 centaur warriors
  3 ogre magi (Vaults:1)
  11 two-headed ogres
  13 alligators
  9 anacondas
  10 thrashing horrors
  6 shock serpents
  Urug (D:10)
  2 hell hogs
  A deep troll earth mage (Vaults:1)
  21 naga sharpshooters
  4 orc high priests (Orc:2)
  3 deep elf knights (Vaults:1)
  A sun demon (Abyss:4)
  2 sixfirhies (Abyss:4)
  7 wretched stars
  2 fire crabs (Swamp:4)
  4 spatial maelstroms
  3 deep trolls (Vaults:1)
  4 glowing orange brains
  2 spriggan druids
  2 wizards
  2 shambling mangroves
  9 swamp dragons
  5 deep elf archers (Vaults:1)
  4 unseen horrors
  2 lindwurms (Lair:6)
  9 naga ritualists
  10 orc knights
  A deep elf mage (Vaults:1)
  3 mana vipers
  A harpy (Vaults:1)
  23 ugly things
  3 ironbrand convokers (Vaults:1)
  2 manticores (Lair:6)
  6 orc sorcerers
  4 worldbinders
  2 cyclopes
  An elephant (Lair:4)
  20 large abominations
  10 salamanders
  9 guardian serpents
  27 black mambas
  19 naga magi
  An apocalypse crab (Abyss:4)
  2 ice statues (IceCv)
  A water nymph (Abyss:4)
  2 centaur zombies (D:14)
  5 vault sentinels
  7 smoke demons
  17 spiny frogs
  A gargoyle (D:13)
  An emperor scorpion zombie (Abyss:4)
  A storm dragon simulacrum (Abyss:4)
  A molten gargoyle (D:15)
  3 rime drakes
  4 hellwings
  8 ice devils (IceCv)
  A demonic crawler (Abyss:4)
  A freezing wraith (Vaults:1)
  A hellion (Abyss:4)
  3 komodo dragons
  4 yaktaurs
  4 ancient zymes (Abyss:4)
  A human skeleton (Vaults:2)
  5 kobold demonologists
  10 trolls
  9 polar bears (Lair:6)
  10 hornets
  3 meliai (D:15)
  A wind drake (shapeshifter) (D:14)
  5 tyrant leeches
  Grinder (D:6)
  4 bog bodies
  6 blink frogs
  22 raiju
  7 dream sheep (Lair:6)
  23 slime creatures
  6 hippogriffs
  A fire giant simulacrum (Abyss:4)
  4 flying skulls
  2 shadows
  A centaur simulacrum (D:14)
  3 ynoxinuls (Abyss:4)
  8 spriggans
  6 wyverns
  36 yaks
  Eustachio (D:4)
  2 fire elementals (Abyss:4)
  5 wraiths
  8 golden eyes (Abyss:2)
  10 chaos spawn
  A hungry ghost (D:15)
  2 basilisks
  14 vampire mosquitoes
  6 insubstantial wisps (Swamp:4)
  7 neqoxecs
  66 nagas
  14 swamp worms
  5 wargs
  8 water moccasins
  An acid dragon (D:15)
  7 spatial vortices
  18 hell hounds
  16 porcupines
  42 orc warriors
  4 ice beasts
  8 swamp drakes (Swamp:4)
  13 black bears
  5 sky beasts
  4 eyes of draining
  4 boggarts (Vaults:2)
  A necrophage (D:14)
  3 phantoms
  14 ogres
  8 centaurs
  A swamp dragon skeleton (Abyss:4)
  19 wolves
  15 big kobolds
  14 crocodiles
  15 bullfrogs
  2 wyvern zombies
  6 scorpions
  9 killer bees
  17 wights
  6 electric eels
  A howler monkey (D:8)
  A lava snake (Swamp:4)
  A bullfrog zombie (D:12)
  6 crimson imps
  10 jellies
  26 orc priests
  6 hounds
  6 centaur skeletons
  An iron imp (Abyss:4)
  Natasha (twice) (D:4)
  Terence (D:2)
  7 iguanas
  35 orc wizards
  13 worker ants
  A killer bee zombie (D:10)
  17 small abominations
  A hound zombie (D:5)
  3 worker ant zombies
  16 adders
  3 shadow imps
  24 white imps
  7 ufetubi
  2 oozes
  2 adder skeletons
  6 worms
  A dart slug (D:1)
  4 leopard geckos
  108 orcs
  A ball python (D:3)
  7 bats
  4 giant cockroaches
  9 goblins
  11 hobgoblins
  3 jackals (D:3)
  4 quokkas
  4 frilled lizards
  A giant cockroach zombie (D:5)
  2 jackal skeletons
  29 kobolds
  A leopard gecko skeleton (D:3)
  2 quokka skeletons
  A quokka zombie (D:7)
  8 rats
  A spectral orc (D:5)
  A briar patch (Swamp:3)
  3 starspawn tentacles (Abyss:4)
1515 creatures vanquished.

Vanquished Creatures (others)
  A reaper (IceCv)
  A swamp dragon (Swamp:4)
  An unseen horror (Abyss:4)
  A lindwurm (Swamp:4)
  A wizard (D:11)
  An ancient zyme (Abyss:4)
  A tyrant leech (Swamp:4)
  A steam dragon (Swamp:4)
  A spatial vortex (Abyss:4)
  A naga (Snake:4)
  6 swamp drakes (Swamp:4)
  A boggart (Vaults:2)
  3 white imps (IceCv)
  4 ufetubi (IceCv)
  A briar patch (Swamp:4)
  2 fire vortices (Abyss:4)
  21 fungi
  2 lurking horrors (Abyss:4)
  25 plants
  18 starspawn tentacles (Abyss:4)
93 creatures vanquished.

Grand Total: 1608 creatures vanquished

Notes
Turn   | Place    | Note
-------+----------+-------------------------------------------
     0 | D:1      | RoseArtemis the Minotaur Fighter began the quest for the Orb.
     0 | D:1      | Reached XP level 1. HP: 19/19 MP: 0/0
   320 | D:1      | Reached XP level 2. HP: 27/27 MP: 1/1
   839 | D:1      | Reached XP level 3. HP: 33/33 MP: 2/2
   900 | D:2      | Reached skill level 4 in Shields
  1246 | D:2      | Found a stormy altar of Qazlal.
  1247 | D:2      | Found a blossoming altar of Fedhas.
  1293 | D:2      | Reached XP level 4. HP: 40/40 MP: 3/3
  1442 | D:2      | Noticed Terence
  1486 | D:2      | Killed Terence
  1804 | D:2      | Reached XP level 5. HP: 47/47 MP: 4/4
  2129 | D:3      | Found a stormy altar of Qazlal.
  2437 | D:3      | Found a glowing golden altar of the Shining One.
  2504 | D:3      | Found a hazy altar of Hepliaklqana.
  2999 | D:4      | Found a shadowy altar of Dithmenos.
  3008 | D:4      | Reached skill level 5 in Long Blades
  3144 | D:4      | Noticed an ogre
  3152 | D:4      | Killed an ogre
  3152 | D:4      | Reached skill level 1 in Dodging
  3152 | D:4      | Reached XP level 6. HP: 37/55 MP: 5/5
  3268 | D:4      | Reached skill level 5 in Fighting
  3268 | D:4      | Reached skill level 5 in Shields
  3387 | D:4      | You fall through a shaft!
  3387 | D:5      | Entered Level 5 of the Dungeon
  3615 | D:4      | Noticed Natasha
  3627 | D:4      | Killed Natasha
  3758 | D:4      | Noticed Eustachio
  3767 | D:4      | Killed Eustachio
  3767 | D:4      | Reached XP level 7. HP: 61/61 MP: 6/6
  3853 | D:4      | Noticed Natasha
  3862 | D:4      | Killed Natasha
  3954 | D:5      | Found a radiant altar of Vehumet.
  4112 | D:5      | Found a basalt altar of Yredelemnul.
  4234 | D:5      | Found a staircase to the Ecumenical Temple.
  4244 | Temple   | Entered the Ecumenical Temple
  4353 | Temple   | Became a worshipper of Warmaster Okawaru
  4554 | D:5      | Found an ornate altar of the Wu Jian Council.
  4844 | D:6      | Found Qijaung's Assorted Antiques.
  4855 | D:6      | Bought a scroll of identify for 70 gold pieces
  4881 | D:6      | Reached skill level 6 in Shields
  4893 | D:6      | Noticed Grinder
  4908 | D:6      | Paralysed by Grinder for 4 turns
  4919 | D:6      | Killed Grinder
  4919 | D:6      | Reached * piety under Okawaru
  4919 | D:6      | Reached XP level 8. HP: 70/70 MP: 2/7
  5212 | D:6      | Found a white marble altar of Elyvilon.
  5476 | D:6      | Found a glowing silver altar of Zin.
  5818 | D:7      | Found a shimmering altar of Xom.
  5818 | D:7      | Found a shimmering altar of Xom.
  5819 | D:7      | Found a shimmering altar of Xom.
  5832 | D:7      | Found a shimmering altar of Xom.
  5832 | D:7      | Found a shimmering altar of Xom.
  5874 | D:7      | Reached skill level 7 in Shields
  5892 | D:7      | Reached ** piety under Okawaru
  6097 | D:7      | Reached XP level 9. HP: 77/79 MP: 8/8
  6124 | D:7      | Reached skill level 5 in Dodging
  6270 | D:7      | Reached skill level 10 in Long Blades
  6446 | D:7      | Found a shadowy altar of Dithmenos.
  6878 | D:8      | Found a burning altar of Makhleb.
  6999 | D:8      | Reached *** piety under Okawaru
  7077 | D:8      | Found a shattered altar of Ashenzari.
  7608 | D:8      | Reached XP level 10. HP: 58/90 MP: 9/9
  8198 | D:9      | Noticed Gorice's ghost (journeyman MiGl)
  8208 | D:9      | Killed Gorice's ghost
  8208 | D:9      | Reached **** piety under Okawaru
  8432 | D:9      | Found a hide-covered altar of Uskayaw.
  9077 | D:10     | Entered Level 10 of the Dungeon
  9172 | D:10     | Noticed a two-headed ogre
  9183 | D:10     | Killed a two-headed ogre
  9183 | D:10     | Reached ***** piety under Okawaru
  9183 | D:10     | Reached skill level 10 in Fighting
  9403 | D:10     | HP: 2/93 [orc warrior/antimagic halberd (8)]
  9680 | D:10     | Noticed a two-headed ogre
  9685 | D:10     | Killed a two-headed ogre
  9834 | D:10     | Noticed Urug
  9845 | D:10     | Killed Urug
  9845 | D:10     | Reached XP level 11. HP: 78/101 MP: 8/10
  9934 | D:10     | Found an iron altar of Okawaru.
 10790 | D:10     | Found a staircase to the Orcish Mines.
 11027 | D:11     | Reached skill level 1 in Invocations
 11161 | D:11     | Found a staircase to the Lair.
 11553 | D:11     | Received a gift from Okawaru
 11620 | D:11     | Noticed a two-headed ogre
 11628 | D:11     | Killed a two-headed ogre
 11762 | D:11     | Killed an unseen horror
 11887 | D:11     | Noticed a sun demon
 11949 | D:11     | Found a bloodstained altar of Trog.
 11956 | D:11     | Noticed a wizard
 11958 | D:11     | Killed a wizard
 12416 | Lair:1   | Entered Level 1 of the Lair of Beasts
 12416 | Lair:1   | Found a frozen archway.
 12572 | IceCv    | Entered an ice cave
 12695 | IceCv    | Killed a reaper
 13102 | IceCv    | Reached skill level 15 in Long Blades
 13172 | IceCv    | Reached XP level 12. HP: 97/110 MP: 10/13
 13331 | IceCv    | Got a crude scimitar
 13339 | IceCv    | Identified the +11 scimitar "Tidic" {freeze, rF+ Str+4 Stlth+} (You found it in an ice cave)
 13675 | Lair:1   | Reached skill level 10 in Dodging
 14636 | Lair:2   | Noticed an eight-headed hydra
 14642 | Lair:2   | Killed an eight-headed hydra
 14642 | Lair:2   | Received a gift from Okawaru
 14646 | Lair:2   | Reached skill level 5 in Invocations
 15174 | Lair:2   | Noticed a six-headed hydra
 15187 | Lair:2   | Killed a 13-headed hydra
 15302 | Lair:3   | Noticed a five-headed hydra
 15308 | Lair:3   | Killed a five-headed hydra
 15388 | Lair:3   | Noticed a six-headed hydra
 15390 | Lair:3   | Noticed a satyr
 15390 | Lair:3   | a six-headed hydra changed into a satyr
 15392 | Lair:3   | Noticed an ice dragon
 15392 | Lair:3   | a satyr changed into an ice dragon
 15402 | Lair:3   | Killed an ice dragon
 15969 | Lair:4   | Identified 2 scrolls of acquirement
 15970 | Lair:4   | Got an ancient tin ring
 15971 | Lair:4   | Identified the ring "Zayffatt" {rCorr rF++ Str+7 Dex+4} (You acquired it on level 4 of the Lair of Beasts)
 15986 | Lair:4   | Found a staircase to the Swamp.
 16148 | Lair:4   | Found a staircase to the Snake Pit.
 16166 | Lair:4   | Reached XP level 13. HP: 91/119 MP: 16/16
 16254 | Lair:4   | Got a pair of dazzling boots
 16265 | Lair:4   | Identified the +2 pair of boots "Olyv" {MR+ Str+6} (You acquired it on level 4 of the Lair of Beasts)
 16451 | Lair:4   | Found a labyrinth entrance.
 17799 | Lair:6   | Entered Level 6 of the Lair of Beasts
 17808 | Lair:6   | Reached ****** piety under Okawaru
 17808 | Lair:6   | Received a gift from Okawaru
 18454 | Lair:6   | Noticed a dire elephant
 18466 | Lair:6   | Killed a dire elephant
 18599 | Lair:6   | Reached skill level 15 in Fighting
 18599 | Lair:6   | Reached XP level 14. HP: 130/135 MP: 11/19
 18810 | Lair:6   | Received a gift from Okawaru
 20247 | D:13     | Found a gate to the Vaults.
 20290 | D:13     | Received a gift from Okawaru
 20493 | D:13     | Reached skill level 15 in Dodging
 21081 | D:14     | Found a burning altar of Makhleb.
 21253 | D:14     | Reached XP level 15. HP: 147/147 MP: 17/20
 21513 | D:14     | Noticed Rupert
 21523 | D:14     | Killed Rupert
 21592 | D:14     | Reached skill level 8 in Shields
 21639 | D:14     | Noticed Agnes
 21646 | D:14     | Killed Agnes
 21767 | D:15     | Entered Level 15 of the Dungeon
 21770 | D:15     | Received a gift from Okawaru
 21771 | D:15     | Got a brightly glowing double sword {god gift}
 21776 | D:15     | Identified the +6 double sword of Nelomp {drain, Str+2} (Okawaru gifted it to you on level 15 of the Dungeon)
 21781 | D:15     | Reached skill level 9 in Shields
 21802 | D:15     | Noticed 4thArraOfDagon's ghost (journeyman DrIE)
 21812 | D:15     | Killed 4thArraOfDagon's ghost
 21912 | D:15     | Reached skill level 10 in Shields
 21993 | D:15     | Found a staircase to the Depths.
 22379 | D:15     | Reached skill level 11 in Shields
 22754 | Orc:1    | Entered Level 1 of the Orcish Mines
 23191 | Orc:2    | Entered Level 2 of the Orcish Mines
 23491 | Orc:2    | Found a staircase to the Elven Halls.
 23567 | Orc:2    | Noticed an orc warlord
 23577 | Orc:2    | Reached skill level 12 in Shields
 23676 | Orc:2    | Killed an orc warlord
 23810 | Orc:2    | Received a gift from Okawaru
 23830 | Orc:2    | Reached skill level 13 in Shields
 24073 | Orc:2    | Found Aziukhopy's Antique Armour Shop.
 24074 | Orc:2    | Found Kaitseno's Antique Weapon Boutique.
 24075 | Orc:2    | Found Pofuskei's General Store.
 24075 | Orc:2    | Found Fenatuc's Jewellery Shop.
 24357 | Orc:2    | Bought a scroll of identify for 28 gold pieces
 24373 | Orc:2    | Bought a heavily runed plate armour for 588 gold pieces
 24383 | Orc:2    | Identified the cursed +0 plate armour of the Camelopard {Regen+ MP+9 Dex+2} (You bought it in a shop on level 2 of the Orcish Mines)
 24628 | Snake:1  | Entered Level 1 of the Snake Pit
 24753 | Snake:1  | Found Liedihou's General Store.
 24871 | Snake:1  | Noticed Aizul
 24884 | Snake:1  | Killed Aizul
 25538 | Snake:1  | Reached skill level 14 in Shields
 25847 | Snake:2  | Reached XP level 16. HP: 152/157 MP: 21/21
 26270 | Snake:2  | Reached skill level 15 in Shields
 28127 | Snake:4  | Entered Level 4 of the Snake Pit
 28308 | Snake:4  | Received a gift from Okawaru
 28552 | Snake:4  | Found Yptoode's Jewellery Shoppe.
 28552 | Snake:4  | Found Kiteog's Gadget Shop.
 28553 | Snake:4  | Found Moxigh's Jewellery Shoppe.
 28559 | Snake:4  | Bought an uncursed ring of poison resistance for 380 gold pieces
 28614 | Snake:4  | Found Orre Lew's Gadget Emporium.
 28635 | Snake:4  | Reached skill level 16 in Shields
 28930 | Snake:4  | Identified the +2 pair of gloves of Gafres {rC+ Str+3 Int+6} (You found it on level 4 of the Snake Pit)
 29069 | Snake:4  | Reached XP level 17. HP: 135/168 MP: 18/22
 29154 | Snake:4  | Received a gift from Okawaru
 29500 | Snake:4  | Reached skill level 17 in Shields
 29597 | Snake:4  | Received a gift from Okawaru
 29635 | Snake:4  | Got a serpentine rune of Zot
 29912 | Snake:4  | Received a gift from Okawaru
 29938 | Snake:4  | Reached skill level 18 in Shields
 30165 | Snake:4  | Got a vibrating jade amulet
 30373 | Swamp:1  | Entered Level 1 of the Swamp
 30374 | Swamp:1  | Noticed Roxanne
 30720 | Swamp:1  | Identified the amulet "Gumm" {Spirit Int+6} (You took it off a naga on level 4 of the Snake Pit)
 31096 | Swamp:2  | Reached XP level 18. HP: 178/178 MP: 23/23
 31961 | Swamp:3  | Received a gift from Okawaru
 32243 | Swamp:3  | Received a gift from Okawaru
 32247 | Swamp:3  | Reached skill level 19 in Shields
 32255 | Swamp:3  | Got an ichor-stained hat {god gift}
 32266 | Swamp:3  | Identified the +4 hat of Hadjma {Dex+7 Slay-3 Stlth+} (Okawaru gifted it to you on level 3 of the Swamp)
 32490 | Swamp:4  | Entered Level 4 of the Swamp
 32568 | Swamp:4  | Noticed Nuz's ghost (adept HOMo)
 32592 | Swamp:4  | Killed Nuz's ghost
 33437 | Swamp:4  | Reached skill level 10 in Invocations
 33462 | Swamp:4  | Got a decaying rune of Zot
 33792 | Vaults:1 | Entered Level 1 of the Vaults
 33940 | Vaults:1 | Reached skill level 5 in Armour
 34098 | Vaults:1 | Received a gift from Okawaru
 34269 | Vaults:1 | Found Qilloafoi's Assorted Antiques.
 34440 | Vaults:1 | Found a burning altar of Makhleb.
 34470 | Vaults:1 | Reached skill level 20 in Shields
 34775 | Vaults:1 | Reached XP level 19. HP: 168/188 MP: 22/25
 35053 | Vaults:1 | Noticed a Brimstone Fiend
 35168 | Vaults:1 | Received a gift from Okawaru
 35643 | Vaults:2 | Noticed Saint Roka
 35668 | Vaults:2 | Killed Saint Roka
 35683 | Vaults:2 | Cast into level 2 of the Abyss (necromancer)
 35779 | Abyss:2  | Found a deep blue altar of Sif Muna.
 36057 | Abyss:2  | Gained mutation: Scrolls take you a little longer to read. [a neqoxec]
 36060 | Abyss:2  | Gained mutation: Armour fits poorly on your strangely shaped body. [a neqoxec]
 36139 | Abyss:3  | Reached skill level 21 in Shields
 36167 | Abyss:4  | Found a corrupted altar of Lugonu.
 36212 | Abyss:4  | Noticed a bone dragon
 36230 | Abyss:4  | Killed a bone dragon
 36252 | Abyss:4  | Found an opulent altar of Gozag.
 36254 | Abyss:4  | Paralysed by you for 5 turns
 36375 | Abyss:4  | Received a gift from Okawaru
 36511 | Abyss:4  | Found a corrupted altar of Lugonu.
 36658 | Abyss:4  | Noticed a lich
 36797 | Abyss:4  | Found a hazy altar of Hepliaklqana.
 36982 | Abyss:4  | Reached XP level 20. HP: 198/198 MP: 26/26
 37032 | Abyss:4  | Paralysed by accursed screaming for 1 turns
 37040 | Abyss:4  | Paralysed by accursed screaming for 1 turns
 37046 | Abyss:4  | Paralysed by accursed screaming for 2 turns
 37051 | Abyss:4  | Paralysed by accursed screaming for 2 turns
 37062 | Abyss:4  | Found a corrupted altar of Lugonu.
 37128 | Abyss:4  | Reached skill level 10 in Armour
 37187 | Abyss:4  | Reached skill level 22 in Shields
 37204 | Abyss:4  | Gained mutation: You are frail. (-10% HP) [a neqoxec]
 37385 | Abyss:4  | Noticed a bone dragon
 37401 | Abyss:4  | Received a gift from Okawaru
 37418 | Abyss:4  | Killed a bone dragon
 37470 | Abyss:4  | Noticed a bone dragon
 37481 | Abyss:4  | Found a corrupted altar of Lugonu.
 37847 | Abyss:4  | Noticed a bone dragon
 37856 | Abyss:4  | Paralysed by accursed screaming for 1 turns
 37860 | Abyss:4  | Killed a bone dragon
 38007 | Abyss:4  | Gained mutation: You are dopey. (Int -2) [a neqoxec]
 38010 | Abyss:4  | Paralysed by accursed screaming for 1 turns
 38037 | Abyss:4  | Paralysed by accursed screaming for 1 turns
 38046 | Abyss:4  | HP: 5/178 [starcursed mass/accursed screaming (7)]
 38051 | Abyss:4  | HP: 3/178 [starcursed mass (6)]
 38056 | Abyss:4  | HP: 4/178 [tentacled starspawn (8)]
 38056 | Abyss:4  | Killed from afar by a starcursed mass

Vault maps used:
D:1:      lightli_arrival_quake
D:2:      grunt_temple_overflow_forces_of_nature, uniq_terence
D:3:      nicolae_overflow_crystal_walls, marbit_many_paths,
          nicolae_qazlal_general_emergency
D:4:      first_ration, nicolae_dithmenos_the_darkroom, uniq_natasha,
          uniq_eustachio
D:5:      lemuel_coloured_pillars_altar, yredelemnul_forgotten_temple_becter,
          minmay_temple_entry_butterflies, vehumet_altar_wand_db
D:6:      old_standard_altar, kennysheep_mini_moat, serial_shops,
          nicolae_shop_stone, uniq_grinder
D:7:      lemuel_doored_altar, xom_redecorated, grunt_ogre_cave, st_stairs_4,
          kennysheep_cross_room
D:8:      old_standard_altar, ashenzari_conservatory_becter
D:9:      eat_drink_and_be_merry_uskayaw
D:10:     erik_orc_2, okawaru_ov_weapons_minmay, uniq_urug
D:11:     due_lair_maze_entry_diamond, trog_wizard
D:12:     minmay_strange_pillars, grunt_ministairs_15
D:13:     erik_vaults_2
D:14:     nrook_pool_corridor, basic_altar, uniq_agnes, uniq_rupert
D:15:     grunt_enter_depths_snipers, wad_floor_pattern_untrapped,
          nicolae_lava_and_water
Temple:   nicolae_temple_figure_zero
Lair:1:   portal_ice_cave_entry_imps, fungi_pond_lemuel, grunt_megastairs_3,
          infiniplex_staircase_pool_2, lemuel_fruit_tree
Lair:2:   grunt_forest_stairs_basic, grunt_megastairs_5
Lair:4:   swamp_mist, minmay_snake_entry_guardpost_small, serial_bayou,
          serial_bayou_lagoon_b, serial_bayou_shore_b, serial_bayou_pond_d,
          serial_bayou_pond_e, lab_entry_generic, serial_bayou_pond_d,
          patterned_corridor, minmay_lair_oklob_chamber, serial_bayou_shore_b
Lair:5:   minmay_slime_entry_oklob_enclosed
Lair:6:   hangedman_lair_in_review, hangedman_lair_caniforms_friends,
          serial_bayou_ford_a, serial_bayou_shore_b
Swamp:1:  nicolae_swamp_feature_on_the_river_bank, uniq_roxanne
Swamp:2:  evilmike_swamp_ruin_rubble_2
Swamp:3:  hangedman_swamp_ruin_wall, swamp_pool1
Swamp:4:  swamp_fiery, swamp_pool1
Snake:1:  serial_shops, shop_coins, uniq_aizul
Snake:2:  st_stairs_3
Snake:3:  nrook_guardian_serpent_double
Snake:4:  grunt_snake_rune_spirals, serial_shops, nicolae_shop_waterfront,
          st_stairs_9, minmay_shop_grove, serial_bayou_shore_b
Orc:2:    st_orc_congregation, library_closet
Vaults:1: grunt_vaults_swirl, st_hourglassy, ontoclasm_vaults_twist,
          grunt_vaults_focal, nicolae_vaults_windows_and_doors_thing,
          vaults_standard_mumra_lines, dpeg_vaults_monster_box, basic_altar,
          serial_shops, shop
Vaults:2: ontoclasm_vaults_ligature, hangedman_vaults_capsules, v_misc_1,
          v_alt_pattern_3, hangedman_vaults_corner_blocks,
          nicolae_vaults_little_squares_4, grunt_vaults_twisty,
          minmay_crypt_entry_simple_corners, v_misc_14, v_pattern_4,
          vaults_mumra_hex, ontoclasm_vaults_spin, vaults_dpeg_diagonal,
          ontoclasm_vaults_decontamination, uniq_saint_roka
Abyss:3:  hangedman_abyss_or_decor_stagger, nicolae_abyss_rune_star_stuff
Abyss:4:  evilmike_abyss_rune_tso_outpost, minivault_23
IceCv:    ice_cave_small_demon

Skill      XL: |  1  2  3  4  5  6  7  8  9 10 11 12 13 14 15 16 17 18 19 20 |
---------------+-------------------------------------------------------------+-----
Long Blades    | 3 4 5 6 7 9 11 13 15 16 | 16.0
Fighting       | 4 5 6 7 8 10 11 12 15 17 18 19 20 21 | 21.1
Armour         | 4 6 9 11 | 11.3
Shields        | 4 5 6 7 14 16 18 20 21 22 | 22.8
Dodging        | 1 2 3 4 6 8 9 11 13 15 16 17 18 19 20 | 20.4
Invocations    | 3 6 8 9 10 | 10.0

Action                   |  1- 3 |  4- 6 |  7- 9 | 10-12 | 13-15 | 16-18 | 19-21 || total
-------------------------+-------+-------+-------+-------+-------+-------+-------++-------
Melee: Long sword        |    62 |   110 |   101 |       |       |       |       ||   273
       Headbutt          |    10 |    29 |    76 |   129 |   348 |   472 |   382 ||  1446
       Short sword       |       |    92 |     7 |       |       |       |       ||    99
       Falchion          |       |       |   135 |       |       |       |       ||   135
       Great sword       |       |       |   142 |   226 |       |       |       ||   368
       Triple sword      |       |       |       |   141 |       |       |       ||   141
       Demon blade       |       |       |       |   171 |   995 |  1378 |   975 ||  3519
Invok: Heroism           |       |       |       |    31 |    46 |    26 |     5 ||   108
       Finesse           |       |       |       |     2 |    19 |    15 |     5 ||    41
Evoke: Wand              |       |       |       |    15 |    24 |     5 |     2 ||    46
  Use: Scroll            |       |     3 |     7 |    11 |    14 |    18 |     4 ||    57
       Potion            |       |       |       |     1 |       |       |    14 ||    15
 Stab: Paralysed         |       |       |       |     7 |     2 |       |     1 ||    10
       Petrified         |       |       |       |       |     1 |       |       ||     1
       Distracted        |       |       |       |       |       |     1 |       ||     1
       Confused          |       |       |       |       |       |     1 |       ||     1
  Eat: Chunk             |     1 |     8 |    13 |    21 |    24 |    12 |     3 ||    82
       Ration            |       |       |       |     2 |     2 |     5 |     3 ||    12
Armor: Scale mail        |    18 |    24 |       |       |       |       |       ||    42
       Chain mail        |       |    57 |   174 |   244 |       |       |       ||   475
       Crystal plate arm |       |       |       |    44 |   331 |   282 |   175 ||   832
Dodge: Dodged            |    12 |    35 |   114 |   257 |   307 |   439 |   279 ||  1443
Block: Shield            |    24 |    81 |   114 |    58 |   473 |   535 |       ||  1285
       Large shield      |       |       |       |       |       |   563 |   922 ||  1485
       Rpst.: Long sword |     2 |     5 |    10 |       |       |       |       ||    17
       Falchion          |       |       |     2 |       |       |       |       ||     2
       Great sword       |       |       |    10 |    35 |       |       |       ||    45
       Triple sword      |       |       |       |    24 |       |       |       ||    24
       Demon blade       |       |       |       |     4 |    77 |    65 |    57 ||   203

Table legend:
 A = Spawn XP
 B = Non-spawn XP
 C = Spawn XP percentage of total XP
 D = Spawn monster count
 E = Non-spawn monster count
 F = Spawn count percentage of total count
 G = Total turns spent on level
                    A         B        C        D         E        F      G
               +---------+---------+-------+---------+---------+-------+---------
         Total |   77700 |  466825 |  14.3 |     124 |    1382 |   8.2 | 38056
               +---------+---------+-------+---------+---------+-------+---------
           D:1 |       0 |      41 |   0.0 |       0 |      21 |   0.0 |   885
           D:2 |       0 |     160 |   0.0 |       0 |      28 |   0.0 |  1196
           D:3 |       0 |      69 |   0.0 |       0 |      23 |   0.0 |   839
           D:4 |       0 |     639 |   0.0 |       0 |      16 |   0.0 |   893
           D:5 |       0 |     317 |   0.0 |       0 |      25 |   0.0 |   883
           D:6 |       0 |    1135 |   0.0 |       0 |      28 |   0.0 |   990
           D:7 |       0 |    1400 |   0.0 |       0 |      28 |   0.0 |   902
           D:8 |       0 |    1973 |   0.0 |       0 |      48 |   0.0 |  1471
           D:9 |       0 |    2225 |   0.0 |       0 |      15 |   0.0 |   898
          D:10 |       0 |    4834 |   0.0 |       0 |      40 |   0.0 |  2019
          D:11 |       0 |    6617 |   0.0 |       0 |      52 |   0.0 |  1600
          D:12 |       0 |    5309 |   0.0 |       0 |      33 |   0.0 |   675
          D:13 |       0 |   17053 |   0.0 |       0 |      44 |   0.0 |   987
          D:14 |       0 |   16832 |   0.0 |       0 |      34 |   0.0 |   649
          D:15 |       0 |   11561 |   0.0 |       0 |      28 |   0.0 |   851
        Lair:1 |       0 |    2778 |   0.0 |       0 |      26 |   0.0 |  1261
        Lair:2 |       0 |    7534 |   0.0 |       0 |      29 |   0.0 |   797
        Lair:3 |       0 |    3087 |   0.0 |       0 |      10 |   0.0 |   753
        Lair:4 |       0 |    7987 |   0.0 |       0 |      26 |   0.0 |  1272
        Lair:5 |       0 |    2333 |   0.0 |       0 |      11 |   0.0 |   661
        Lair:6 |       0 |   28225 |   0.0 |       0 |      98 |   0.0 |  1559
       Swamp:1 |       0 |    8132 |   0.0 |       0 |      17 |   0.0 |   727
       Swamp:2 |       0 |    9274 |   0.0 |       0 |      22 |   0.0 |   646
       Swamp:3 |       0 |   13705 |   0.0 |       0 |      30 |   0.0 |   789
       Swamp:4 |       0 |   32716 |   0.0 |       0 |      62 |   0.0 |  1119
       Snake:1 |       0 |    7390 |   0.0 |       0 |      13 |   0.0 |  1145
       Snake:2 |       0 |   20775 |   0.0 |       0 |      34 |   0.0 |  1314
       Snake:3 |       0 |   14942 |   0.0 |       0 |      29 |   0.0 |  1105
       Snake:4 |       0 |   95572 |   0.0 |       0 |     140 |   0.0 |  2162
         Orc:1 |       0 |     920 |   0.0 |       0 |       9 |   0.0 |   453
         Orc:2 |       0 |   15602 |   0.0 |       0 |     108 |   0.0 |  1270
      Vaults:1 |       0 |   58855 |   0.0 |       0 |      91 |   0.0 |  1556
      Vaults:2 |       0 |   11912 |   0.0 |       0 |      23 |   0.0 |   335
       Abyss:2 |    5833 |    6866 |  45.9 |      18 |      20 |  47.4 |   437
       Abyss:3 |       0 |    1723 |   0.0 |       0 |       2 |   0.0 |    47
       Abyss:4 |   71867 |   42568 |  62.8 |     106 |      94 |  53.0 |  1889
         IceCv |       0 |    3764 |   0.0 |       0 |      25 |   0.0 |   901
               +---------+---------+-------+---------+---------+-------+---------
